sylphack, neutral female sylph Ranger ------- ------- |.....| ---------------- |...%%| -----.{...| |.......%......| |...%.| |.........| ---------- +......`.......| |.%..[| |.........| #.........| |......._......| |.)...| |...>....*-# #|.`......| |..............| |%..%.| -------.---# #|.#....*.| -|----.--------- |.....| # # #----.----- # #### ----%-- ### # ### ############### # # # ### # # #%# #%# ###### # # # % ---.----------- ########### # --|-- ## |..............#####-----# ###%####-...| --|-- |.........._..| ##....| ------------M-- |..^| #-...| |.............| |{..| |....{..(..E..| |....#######|...| --------------- |<..- |.............| ----- |...| ----- --------------- ----- sylphack the Reconnoiteress Experience level: 10 Strength: 14 Dexterity: 16 Constitution: 16 Intelligence: 14 Wisdom: 12 Charisma: 7 Health: 0(68) Energy: 48(48) Def: 2 Gold: 229 Moves: 17892 Dungeon seed: 50P4rKQIidB0WviH Game ID: sylphack_1446482154 Your Inventory: Coins $ - 229 gold pieces Amulets v - an uncursed amulet of unchanging (being worn) Weapons b - an uncursed +2 bow (weapon in hand) c - an uncursed thoroughly rusty +3 dagger named +3 n - an uncursed +0 dagger E - 81 blessed +1 arrows (in quiver) W - a blessed +1 elven dagger named +1 (alternate weapon; not wielded) Armor N - a blessed +2 dwarvish cloak (being worn) Comestibles m - 2 uncursed cream pies S - an uncursed lizard corpse Wands l - an uncursed wand of light (0:14) Tools a - an uncursed -2 unicorn horn h - an uncursed blindfold j - an uncursed mirror k - an uncursed skeleton key B - an uncursed bag of holding Gems e - an uncursed luckstone Contents of the bag of holding: 5481 gold pieces an uncursed amulet of life saving 58 uncursed +2 arrows 38 uncursed +0 arrows 14 uncursed +2 arrows named +2? 55 uncursed +0 darts an uncursed +0 elven dagger an uncursed +2 cloak of displacement an uncursed apple an uncursed banana an uncursed candy bar an uncursed eucalyptus leaf an uncursed fortune cookie 4 uncursed sprigs of wolfsbane an uncursed tripe ration an uncursed scroll of create monster an uncursed scroll of food detection an uncursed scroll of identify a blessed scroll of teleportation an uncursed potion of acid 2 uncursed potions of confusion a potion of holy water an uncursed potion of object detection 2 uncursed potions of paralysis an uncursed potion of restore ability a potion of unholy water an uncursed wand of cold (0:7) an uncursed wand of digging (0:4) an uncursed wand of enlightenment (0:9) an uncursed wand of fire (0:6) an uncursed wand of magic missile (0:6) an uncursed wand of slow monster (0:1) an uncursed wand of striking (0:4) an uncursed wand of teleportation (0:3) an uncursed wand of teleportation named empty? (n stole) (0:1) an uncursed blindfold a blessed crystal ball (0:1) an uncursed magic marker (0:58) an uncursed +0 pick-axe an uncursed tin whistle an uncursed wooden flute an uncursed agate stone an uncursed worthless piece of blue glass 2 uncursed worthless pieces of red glass an uncursed worthless piece of white glass an uncursed worthless piece of yellow glass 2 uncursed worthless pieces of yellowish brown glass Spells and supernatural/magical abilities: Name Level Category Fail Memory W - pray for help -- divine ? -- Your skills at the end: Miscellaneous Skills wands [Basic] Weapon Skills dagger [Expert] bow [Skilled] Spellcasting Skills Final Attributes: You were aligned. You were cold resistant. You saw invisible. You were telepathic. You had automatic searching. You had infravision. You were stealthy. You were protected from shape changers. You could not change from your current form. You were lucky. You had extra luck. Bad luck did not time out for you. Good luck did not time out for you. You are dead. Vanquished creatures: 2 vampires 2 giant mimics a wumpus a black naga a winter wolf an island nymph 2 ettin mummies a wood golem a large dog a freezing sphere a flaming sphere a shocking sphere 2 tigers a gargoyle a dwarf king 2 tengu 2 gelatinous cubes a chameleon a leocrotta a mountain centaur 2 elf mummies 3 wraiths a giant beetle 11 wolves a winter wolf cub 2 lynxes 2 panthers a gremlin a spotted jelly 2 lizards 7 mountain nymphs 2 giant spiders 2 scorpions 2 horses a black light 2 gnome kings 3 orc mummies 3 dwarf mummies a brown pudding 2 rust monsters a gold golem 2 werewolves a dingo 2 housecats 2 jaguars 3 dwarf lords a blue jelly a black unicorn 2 dust vortices a raven a plains centaur 2 gnome mummies a snake an ape 2 human zombies a rope golem a Woodland-elf 10 bugbears an imp a quasit 3 wood nymphs 4 Mordor orcs 3 Uruk-hai 2 orc shamans 3 rock moles a rock piercer 2 ponies 2 fog clouds 5 yellow lights 2 shriekers 3 violet fungi 14 gnome lords 4 gnomish wizards 2 kobold mummies 3 gray oozes a barrow wight 6 elf zombies a ghoul 3 straw golems a paper golem 4 giant ants 2 little dogs 7 floating eyes 16 dwarves a homunculus 2 kobold lords 2 kobold shamans 4 iguanas 5 hill orcs 2 rothes a rabid rat a centipede 4 monkeys 6 orc zombies 3 dwarf zombies a wererat a werejackal 19 killer bees a coyote 5 gas spores 6 hobbits 2 acid blobs 2 large kobolds 9 geckos 22 hobgoblins 12 giant rats 6 cave spiders 3 brown molds 4 yellow molds 2 green molds 4 red molds 32 gnomes 3 garter snakes 4 manes a gnome zombie 7 jackals 3 foxes 4 kobolds 11 newts 10 goblins 13 sewer rats 8 grid bugs 2 bats 6 lichens 6 kobold zombies 448 creatures vanquished. Voluntary challenges: You had followed a strict vegan diet until turn 2316. You had followed a strict vegetarian diet until turn 7831. You used a wielded weapon 457 times, starting on turn 24. You read items or engraved 8 times, starting on turn 8738. You never genocided any monsters. You never polymorphed an object. You never changed form. You cheated 1 time but completed Sokoban on turn 7641. You used no wishes. You never split a pudding. You wrote Elbereth's name 8 times, starting on turn 8738. You violated your moral code, losing 12 points of alignment, starting on turn 3059. Dungeon overview: The Dungeons of Doom: levels 1 to 13 Level 1 (stash) an altar to Venus, some fountains a long staircase Level 2 a jewelry store, a fountain Level 3 a fountain, a sink stairs to The Gnomish Mines Level 4 a general store, some fountains Level 5 a general store Level 6 a sink Level 7 many fountains Level 8 some fountains, a throne stairs to Sokoban Level 9 an altar to Venus, a fountain Level 10 some fountains, a throne Level 11 some fountains Level 12 <- You were here some altars to Mercury and Venus, some fountains, a sink Level 13 The Gnomish Mines: levels 4 to 11 Level 4 stairs to The Dungeons of Doom Level 5 Level 6 Level 7 some shops, a temple to Venus, a magic chest, some fountains, a sink Level 8 Level 9 Level 10 Level 11 a magic chest, some fountains Sokoban: levels 4 to 7 Level 4 a magic chest Level 5 Level 6 Level 7 a magic chest stairs to The Dungeons of Doom History has recorded: On T:1 you entered the Dungeons of Doom to retrieve the Amulet of Yendor! On T:445 you reached level 2 of The Dungeons of Doom. On T:795 you reached level 3 of The Dungeons of Doom. On T:801 you advanced to experience level 2. On T:827 you reached level 4 of The Dungeons of Doom. On T:1257 you reached level 1 of The Gnomish Mines. On T:1308 you advanced to experience level 3. On T:1638 you reached level 5 of The Dungeons of Doom. On T:1717 you reached level 6 of The Dungeons of Doom. On T:2140 you reached level 7 of The Dungeons of Doom. On T:2197 you advanced to experience level 4. On T:2203 you reached level 8 of The Dungeons of Doom. On T:2351 you advanced to experience level 5. On T:2425 you advanced to experience level 6. On T:2540 you reached level 4 of Sokoban. On T:2620 you opened a magic chest. On T:2621 you opened a magic chest. On T:2894 you reached level 9 of The Dungeons of Doom. On T:3079 you advanced to experience level 7. On T:4175 you opened a magic chest. On T:4176 you opened a magic chest. On T:4533 you reached level 3 of Sokoban. On T:5156 you reached level 2 of Sokoban. On T:5732 you advanced to experience level 8. On T:6395 you reached level 1 of Sokoban. On T:7641 you entered the Sokoban zoo. On T:7912 you opened a magic chest. On T:7914 you opened a magic chest. On T:8822 you reached level 2 of The Gnomish Mines. On T:8969 you reached level 3 of The Gnomish Mines. On T:9341 you advanced to experience level 9. On T:9495 you reached level 4 of The Gnomish Mines. On T:9634 you entered the Minetown temple On T:9784 you opened a magic chest. On T:10052 you reached level 5 of The Gnomish Mines. On T:10132 you opened a magic chest. On T:10141 you opened a magic chest. On T:10144 you opened a magic chest. On T:10146 you opened a magic chest. On T:10802 you opened a magic chest. On T:10810 you opened a magic chest. On T:10815 you opened a magic chest. On T:10818 you opened a magic chest. On T:10819 you opened a magic chest. On T:10842 you opened a magic chest. On T:10843 you opened a magic chest. On T:10852 you opened a magic chest. On T:10853 you opened a magic chest. On T:10861 you opened a magic chest. On T:11466 you reached level 6 of The Gnomish Mines. On T:12231 you reached level 8 of The Gnomish Mines. On T:12231 you reached the bottom of the Mines. On T:12411 you advanced to experience level 10. On T:12621 you opened a magic chest. On T:12623 you opened a magic chest. On T:13661 you opened a magic chest. On T:14653 you opened a magic chest. On T:14682 you opened a magic chest. On T:14716 you opened a magic chest. On T:14717 you opened a magic chest. On T:14722 you opened a magic chest. On T:16760 you reached level 11 of The Dungeons of Doom. On T:17089 you reached level 12 of The Dungeons of Doom. On T:17330 you reached level 13 of The Dungeons of Doom. Score breakdown: Gold: 5710 ( 571 points) Experience: 10 levels ( 900 points) Exploration: 13 levels ( 360 points) Discoveries: 24 items ( 1200 points) Variety of kills: 125 monsters ( 2000 points) Major goal: Sokoban/Mines ( 1500 points) Survival: died (score multiplied by 3) Total score: 19593 Latest messages: You put an uncursed blue gem into the bag called holding. You are still in a pit. The giant mummy scratches you! You die... Final status: Goodbye sylphack the Ranger, killed by a giant mummy... You died in The Dungeons of Doom on dungeon level 12 with 19593 points, and 5710 pieces of gold, after 17892 moves. You were level 10 with a maximum of 68 hit points when you died.